 Dungeon Crawl Stone Soup version 0.27-a0-475-g4587593e40 (webtiles) character file.

Game seed: 15780231786171035069

9762 EnegeticOcto the Reanimator (level 11, 0/84 HPs)
             Began as a Mummy Necromancer on Mar 1, 2021.
             Was an Elder of Ashenzari.
             Slain by an ogre
             ... wielding a +0 giant club
              (5 damage)
             ... while petrified by a basilisk
             ... on level 11 of the Dungeon.
             The game lasted 00:27:42 (15488 turns).

EnegeticOcto the Reanimator (Mummy Necromancer)    Turns: 15488, Time: 00:27:43

Health: 0/84       AC: 18    Str: 11    XL:     11   Next: 27%
Magic:  27/27      EV:  2    Int: 19    God:    Ashenzari [****..]
Gold:   635        SH:  0    Dex: 12    Spells: 8/19 levels left

rFire    x x .     SeeInvis +   a - +3 dagger "Prophetic Ordeal" {pain, Evo, Melee} (curse)
rCold    + + .     Faith    .   (no shield)
rNeg     + + +     Spirit   .   s - +2 chain mail "At What Cost Knowledge?" {rPois, Range, Comp} (curse)
rPois    ∞         Reflect  .   j - +2 helmet "Shackled Together" {Bglg, Melee} (curse)
rElec    .         Harm     .   n - +2 cloak of Desmomancy {Self, Evo} (curse)
rCorr    .         Rampage  .   (no gloves)
Will     +....     Clarity  +   (no boots)
Stlth    ..........             (no amulet)
HPRegen  0.24/turn              B - ring "Mysticism of Ashenzari" {Ice, Evo, Alch} (curse)
MPRegen  0.20/turn              D - ring of the Fated Inaction {MP+9, Elem, Evo} (curse)

@: petrified
A: cold resistance 1, negative energy resistance 3, torment resistance,
unbreathing, heat vulnerability 1, no potions
a: Renounce Religion, Shatter the Chains


You were on level 11 of the Dungeon.
You worshipped Ashenzari.
Ashenzari was greatly pleased with you.
You visited 2 branches of the dungeon, and saw 12 of its levels.
You also visited: Sewer.

You collected 693 gold pieces.
You spent 58 gold pieces at shops.

Inventory:

Hand Weapons
 a - the cursed +3 dagger "Prophetic Ordeal" (weapon) {pain, Evo, Melee}
   (You took it off a goblin on level 1 of the Dungeon)

   In the hands of one skilled in necromantic magic, it inflicts extra damage on
   living creatures.
   It has a curse placed upon it.
 b - a +2 vorpal flail
   (You found it on level 2 of the Dungeon)
 d - a +0 spear
   (You took it off a gnoll on level 1 of the Dungeon)
 m - a +1 halberd of protection
   (You took it off Blork the orc on level 6 of the Dungeon)
 p - a +0 broad axe
   (You found it on level 7 of the Dungeon)
 w - a +2 dire flail of draining
   (You took it off a wight on level 6 of the Dungeon)
 y - the +6 hand crossbow of Daig {flame, rF++ rN+ Dex-4 Stlth+}
   (You found it on level 8 of the Dungeon)

   It causes projectiles fired from it to burn those they strike, causing extra
   injury to most foes and up to half again as much damage against particularly
   susceptible opponents.
   It affects your dexterity (-4).
   It greatly protects you from fire.
   It protects you from negative energy.
   It makes you more stealthy.
 A - a +0 quarterstaff of freezing
   (You took it off Fannar on level 10 of the Dungeon)
Missiles
 r - 15 curare-tipped darts
 t - 3 silver boomerangs
 u - 9 boomerangs (quivered)
 v - 4 javelins
Armour
 j - the cursed +2 helmet "Shackled Together" (worn) {Bglg, Melee}
   (You found it on level 4 of the Dungeon)

   It has a curse placed upon it.
 n - the cursed +2 cloak of Desmomancy (worn) {Self, Evo}
   (You found it on level 6 of the Dungeon)

   It has a curse placed upon it.
 s - the cursed +2 chain mail "At What Cost Knowledge?" (worn) {rPois, Range, Comp}
   (You took it off an orc on level 7 of the Dungeon)

   It has a curse placed upon it.
 E - +0 swamp dragon scales
   (You found it on level 10 of the Dungeon)
Jewellery
 c - a ring of resist corrosion
   (You found it on level 11 of the Dungeon)
 B - the cursed ring "Mysticism of Ashenzari" (left hand) {Ice, Evo, Alch}
   (You took it off Fannar on level 10 of the Dungeon)

   [ring of ice]

   It enhances your ice magic.
   It makes you vulnerable to fire.
   It protects you from cold.
   It has a curse placed upon it.
 C - a ring of protection from fire
   (You found it on level 10 of the Dungeon)
 D - the cursed ring of the Fated Inaction (right hand) {MP+9, Elem, Evo}
   (You found it on level 10 of the Dungeon)

   [ring of magical power]

   It affects your magic capacity (+9).
   It has a curse placed upon it.
Wands
 f - a wand of iceblast (5) {@v2}
   (You found it on level 3 of the Dungeon)
 k - a wand of paralysis (29)
   (You found it on level 5 of the Dungeon)
 o - a wand of polymorph (13)
   (You found it on level 7 of the Dungeon)
 q - a wand of flame (16) {@v4}
   (You found it on level 7 of the Dungeon)
 z - a wand of random effects (11)
   (You found it on level 9 of the Dungeon)
Scrolls
 e - 3 scrolls of immolation
 g - 3 scrolls of blinking {@r4}
 h - a scroll of enchant armour
 i - 4 scrolls of magic mapping {@r5 !r}
 l - 4 scrolls of teleportation {@r3 !r}
 x - 2 scrolls of fear {!r}


   Skills:
 + Level 7.5(12.1) Fighting
 - Level 3.4(9.5) Short Blades
 - Level 5.0(9.5) Throwing
 - Level 6.0 Armour
 - Level 4.0 Dodging
 - Level 1.5 Stealth
 - Level 4.7(9.2) Spellcasting
 - Level 3.3(7.4) Summonings
 + Level 10.7(15.0) Necromancy


You had 8 spell levels left.
You knew the following spells:

 Your Spells              Type           Power        Failure   Level
a - Pain                  Necr           100%         1%          1
b - Vampiric Draining     Necr           30%          1%          3
c - Agony                 Necr           60%          17%         5
d - Call Imp              Summ           36%          22%         2

Your spell library contained the following spells:

 Spells                   Type           Power        Failure   Level
 Animate Skeleton         Necr           100%         1%          1
 Animate Dead             Necr           30%          6%          4
 Summon Small Mammal      Summ           100%         14%         1
 Call Canine Familiar     Summ           36%          38%         3
 Summon Guardian Golem    Hex/Summ       24%          86%         3
 Summon Ice Beast         Ice/Summ       36%          99%         4
 Summon Lightning Spire   Summ/Air       24%          99%         4


Dungeon Overview and Level Annotations

Branches:
Dungeon (11/15)            Temple (1/1) D:4           Sewer (visited)
   Lair: D:8-11         Orc: D:9-12

Altars:
Ashenzari
Elyvilon
Fedhas
Gozag
Hepliaklqana
Kikubaaqudgha
Makhleb
Nemelex Xobeh
Sif Muna
Trog
Uskayaw
Vehumet
Wu Jian
Zin
The Shining One

Shops:
D:4 *   D:8 *   D:11 *

Annotations:
D:10 exclusion: orange crystal statue
D:11 exclusion: oklob plant


Innate Abilities, Weirdness & Mutations

You are immune to poison.
Your flesh is cold resistant. (rC+)
You are immune to negative energy. (rN+++)
You are immune to unholy pain and torment.
You can survive without breathing.
You are vulnerable to heat. (rF-)
You do not drink.


Message History

No target in view!
No target in view!
No target in view!
No target in view!
No target in view!
No target in view!
No target in view!
c - a ring of resist corrosion You open the large door.
There is a large open door here.
You sense a monster nearby.
You sense a monster nearby.
You sense a monster nearby.
Found 27 stones.
Found Tiolu's Pet Rocks.
The basilisk hisses angrily.
A gargoyle opens the door.
Aiming: Random Effects
Press: ? - help, Shift-Dir - straight line, f - gargoyle
Aim: a gargoyle, wielding a +0 morningstar The gargoyle is unaffected.
Aiming: Random Effects
Press: ? - help, Shift-Dir - straight line, f/p - gargoyle
Aim: a gargoyle, wielding a +0 morningstar The gargoyle is unaffected.
The ogre shouts!
The gargoyle hurls a stone arrow at you.
The stone arrow misses you.
Aiming: Random Effects
Press: ? - help, Shift-Dir - straight line, f/p - gargoyle
Aim: a gargoyle, wielding a +0 morningstar The gargoyle seems to speed up.
Aiming: Random Effects
Press: ? - help, Shift-Dir - straight line, f/p - gargoyle
Aim: a gargoyle, wielding a +0 morningstar (fast)
The gargoyle easily resists.
The gargoyle closely misses you.
Aiming: Random Effects
Press: ? - help, Shift-Dir - straight line, f/p - gargoyle
Aim: a gargoyle, wielding a +0 morningstar (fast)
The gargoyle easily resists.
The gargoyle hits you but does no damage.
The gargoyle hits you with a +0 morningstar.
Aiming: Random Effects
Press: ? - help, Shift-Dir - straight line, f/p - gargoyle
Aim: a gargoyle, wielding a +0 morningstar (fast)
The gargoyle seems to grow stronger.
The gargoyle hurls a stone arrow at you.
The stone arrow hits you!
Aiming: Random Effects
Press: ? - help, Shift-Dir - straight line, f/p - gargoyle
Aim: a gargoyle, wielding a +0 morningstar (fast, strong)
The gargoyle easily resists.
The gargoyle barely misses you. The basilisk gazes at you.
You are slowing down.
Aiming: Paralyse
Press: ? - help, Shift-Dir - straight line, f/p - gargoyle
Aim: a gargoyle, wielding a +0 morningstar (fast, strong, chance to affect: 32%)
The gargoyle easily resists.
The gargoyle hits you with a +0 morningstar.
The ogre hits you with a +0 giant club.
The gargoyle hits you with a +0 morningstar!
The basilisk bites you!
The basilisk bites you but does no damage.
Your limbs are stiffening.
Aiming: Paralyse
Press: ? - help, Shift-Dir - straight line, f/p - gargoyle
Aim: a gargoyle, wielding a +0 morningstar (fast, strong, chance to affect: 32%)
The gargoyle easily resists.
The gargoyle hits you with a +0 morningstar!
The ogre hits you with a +0 giant club. The basilisk bites you.
The gargoyle hits you but does no damage.
The basilisk barely misses you.
You have turned to stone.
The basilisk bites you.
The gargoyle hits you with a +0 morningstar!
The ogre hits you but does no damage. The basilisk bites you!
The gargoyle hits you but does no damage.
The basilisk gazes at you. You resist with almost no effort.
The ogre hits you with a +0 giant club! The basilisk bites you.
The gargoyle hurls a stone arrow at you.
The stone arrow hits you!
* * * LOW HITPOINT WARNING * * *
The basilisk bites you but does no damage.
The gargoyle hurls a stone arrow at you.
The stone arrow hits you.
* * * LOW HITPOINT WARNING * * *
The basilisk bites you.
* * * LOW HITPOINT WARNING * * *
The ogre hits you with a +0 giant club.
* * * LOW HITPOINT WARNING * * *
The gargoyle hits you with a +0 morningstar!
* * * LOW HITPOINT WARNING * * *
The basilisk gazes at you. The basilisk bites you.
* * * LOW HITPOINT WARNING * * *
The gargoyle hurls a stone arrow at you.
The stone arrow hits you!
* * * LOW HITPOINT WARNING * * *
The basilisk bites you but does no damage.
The ogre hits you with a +0 giant club!
You die...

,* ....#####.....# ,**
,...#...#.....# {
...+...#.....######* **
,, ,..#...............
.. *
*#.#.#####.........,, ,
..# ,#.#.#...#.........
,, ..+
.#...+.∩.'........., ,,,
, ..#,,
.#...#.(.#9l......., ,
..######...#####@l.####+
................O..# , ,
,, ,,
...................# ,
,, ,
...................# , ,
, , ,
...##''####........# ,,,
, ...#......#........+,,
,, ,
...#......#........#,,,
,, ...#......#........#
, ,, ,,
...#......####+#...#****
, ,


You could see 2 basilisks, a gargoyle (fast, strong) and an ogre.

Vanquished Creatures
  Fannar (D:10)
  2 unseen horrors (D:10)
  An ugly thing (D:11)
  A hornet (D:8)
  Grinder (D:3)
  A wyvern (D:9)
  2 steam dragons
  A vampire mosquito (D:11)
  Menkaure (D:4)
  2 water moccasins
  2 orc warriors
  2 black bears
  3 sky beasts
  3 ice beasts
  4 necrophages (D:8)
  6 ogres
  12 centaurs
  3 kobold brigands
  A phantom (D:5)
  6 bullfrogs
  Blork the orc (D:6)
  A gnoll sergeant (D:10)
  A wyvern skeleton (D:9)
  5 scorpions
  5 killer bees
  3 wights (D:6)
  2 electric eels (D:10)
  5 howler monkeys
  A bullfrog zombie (D:8)
  3 centaur zombies
  3 hounds
  4 jellies
  A gnoll shaman (D:6)
  6 orc priests
  A centaur skeleton (D:9)
  3 iguanas
  2 orc wizards
  Natasha (thrice) (D:3)
  4 worker ants
  2 hound skeletons
  4 worker ant zombies
  9 gnolls
  A river rat (Sewer)
  16 adders
  2 shadow imps
  2 white imps
  4 ufetubi
  2 oozes (D:3)
  An adder zombie (D:9)
  An adder skeleton (D:9)
  6 worms
  2 dart slugs
  3 leopard geckos
  36 orcs
  8 bats
  11 giant cockroaches
  13 goblins
  8 hobgoblins
  6 jackals
  6 quokkas
  2 ball pythons (D:8)
  5 frilled lizards
  A jackal skeleton (D:4)
  20 kobolds
  A quokka skeleton (D:9)
  15 rats
296 creatures vanquished.

Vanquished Creatures (others)
  A bush (D:8)
  24 plants
25 creatures vanquished.

Grand Total: 321 creatures vanquished

Notes
Turn   | Place    | Note
-------+----------+-------------------------------------------
     0 | D:1      | EnegeticOcto the Mummy Necromancer began the quest for the
                  | Orb.
     0 | D:1      | Reached XP level 1. HP: 13/13 MP: 4/4
   418 | D:1      | Reached XP level 2. HP: 14/19 MP: 1/5
   828 | D:1      | Reached skill level 5 in Necromancy
   828 | D:1      | Reached XP level 3. HP: 8/24 MP: 2/7
  1077 | D:1      | Learned a level 3 spell: Vampiric Draining
  1713 | D:2      | Found an ornate altar of the Wu Jian Council.
  2103 | D:2      | Reached XP level 4. HP: 28/30 MP: 2/8
  2709 | D:2      | Reached skill level 6 in Necromancy
  2779 | D:2      | Reached XP level 5. HP: 14/35 MP: 0/9
  3269 | D:3      | Noticed Natasha
  3277 | D:3      | Killed Natasha
  3278 | D:3      | Reached skill level 3 in Spellcasting
  3415 | D:3      | Reached skill level 1 in Fighting
  3593 | D:3      | Noticed Natasha
  3608 | D:3      | Killed Natasha
  3621 | D:3      | Noticed Natasha
  3722 | D:3      | Killed Natasha
  3859 | D:3      | Reached XP level 6. HP: 43/43 MP: 8/11
  4211 | D:3      | Reached skill level 2 in Fighting
  4386 | D:3      | Noticed Grinder
  4394 | D:3      | Killed Grinder
  4395 | D:3      | Reached skill level 3 in Fighting
  4395 | D:3      | Reached skill level 4 in Spellcasting
  4395 | D:3      | Reached skill level 7 in Necromancy
  4395 | D:3      | Reached XP level 7. HP: 52/52 MP: 11/13
  4465 | D:4      | Found a glowing drain.
  4626 | D:3      | Reached skill level 8 in Necromancy
  4674 | Sewer    | Entered a sewer
  4927 | Sewer    | Found a white marble altar of Elyvilon.
  5111 | D:4      | Reached skill level 9 in Necromancy
  5111 | D:4      | Found a staircase to the Ecumenical Temple.
  5120 | Temple   | Entered the Ecumenical Temple
  5180 | Temple   | Became a worshipper of Ashenzari the Shackled
  5378 | D:4      | Found an opulent altar of Gozag.
  5379 | D:4      | Found Gozag's Platinum Reserve.
  5430 | D:4      | Noticed Menkaure
  5433 | D:4      | Killed Menkaure
  5434 | D:4      | Reached XP level 8. HP: 58/58 MP: 14/14
  5622 | D:5      | Entered Level 5 of the Dungeon
  5629 | D:5      | Learned a level 5 spell: Agony
  5730 | D:5      | Identified the +4 hunting sling of Buafulei {venom, rN+
                  | Str+2 Int+4 Dex-4}
  5916 | D:5      | Reached skill level 10 in Necromancy
  6259 | D:6      | Reached skill level 4 in Fighting
  6385 | D:6      | Reached skill level 2 in Dodging
  6439 | D:6      | Noticed Blork the orc
  6444 | D:6      | Killed Blork the orc
  6445 | D:6      | Reached skill level 1 in Armour
  6910 | D:5      | Learned a level 2 spell: Call Imp
  7058 | D:6      | Reached * piety under Ashenzari
  7058 | D:6      | Identified the cursed +2 helmet "Shackled Together" {Bglg,
                  | Melee} (You found it on level 4 of the Dungeon)
  7058 | D:6      | Identified the cursed +2 cloak of Desmomancy {Self, Evo}
                  | (You found it on level 6 of the Dungeon)
  7522 | D:6      | Reached skill level 1 in Summonings
  8052 | D:7      | Reached XP level 9. HP: 63/66 MP: 5/16
  8165 | D:7      | Reached skill level 2 in Armour
  8251 | D:7      | Reached skill level 2 in Summonings
  8527 | D:7      | Reached skill level 3 in Dodging
  8538 | D:7      | Reached skill level 1 in Short Blades
  8834 | D:7      | Reached skill level 3 in Summonings
  9030 | D:7      | Found a radiant altar of Vehumet.
  9161 | D:7      | Found a glowing golden altar of the Shining One.
  9319 | D:7      | Reached ** piety under Ashenzari
  9319 | D:7      | Identified the cursed +2 chain mail "At What Cost
                  | Knowledge?" {rPois, Range, Comp} (You took it off an orc on
                  | level 7 of the Dungeon)
  9796 | D:6      | Reached skill level 2 in Short Blades
 10075 | D:8      | Found Olaiqewy's Serpentskin Sales.
 10080 | D:8      | Reached skill level 3 in Armour
 10109 | D:8      | Reached skill level 1 in Throwing
 10225 | D:8      | Bought 6 curare-tipped darts for 39 gold pieces
 10225 | D:8      | Bought 3 curare-tipped darts for 19 gold pieces
 10444 | D:8      | Identified the +6 hand crossbow of Daig {flame, rF++ rN+
                  | Dex-4 Stlth+}
 10453 | D:8      | Reached skill level 4 in Dodging
 10524 | D:8      | Found a blossoming altar of Fedhas.
 10528 | D:8      | Reached skill level 2 in Throwing
 10783 | D:8      | Reached skill level 3 in Short Blades
 10804 | D:8      | Reached XP level 10. HP: 61/73 MP: 17/17
 10930 | D:8      | Reached skill level 4 in Armour
 11787 | D:9      | Reached skill level 5 in Fighting
 11787 | D:9      | Reached skill level 3 in Throwing
 12324 | D:9      | Found a glowing silver altar of Zin.
 12458 | D:9      | Found a white marble altar of Elyvilon.
 12880 | D:9      | Noticed Psyche
 12881 | D:9      | Noticed Psyche
 12881 | D:9      | Psyche changed into Psyche the ogre
 12887 | D:9      | Killed Psyche the ogre
 13206 | D:10     | Entered Level 10 of the Dungeon
 13261 | D:10     | Noticed an unseen horror
 13277 | D:10     | Killed an unseen horror
 13302 | D:10     | Noticed Fannar
 13311 | D:10     | Killed Fannar
 13312 | D:10     | Reached skill level 6 in Fighting
 13312 | D:10     | Reached skill level 4 in Throwing
 13312 | D:10     | Reached skill level 5 in Armour
 13503 | D:10     | Paralysed by a gnoll for 3 turns
 13875 | D:10     | Noticed Maggie
 13877 | D:10     | Noticed Maggie
 13877 | D:10     | Maggie changed into Maggie the steam dragon
 13885 | D:10     | Killed Maggie the steam dragon
 13981 | D:10     | Reached *** piety under Ashenzari
 13981 | D:10     | Identified the cursed ring "Mysticism of Ashenzari" {Ice,
                  | Evo, Alch} (You took it off Fannar on level 10 of the
                  | Dungeon)
 13981 | D:10     | Identified the cursed ring of the Fated Inaction {MP+9,
                  | Elem, Evo} (You found it on level 10 of the Dungeon)
 14072 | D:10     | Noticed an orange crystal statue
 14179 | D:10     | Noticed an unseen horror
 14188 | D:10     | Killed an unseen horror
 14189 | D:10     | Reached skill level 5 in Throwing
 14189 | D:10     | Reached XP level 11. HP: 83/83 MP: 18/18
 14753 | D:11     | Reached skill level 6 in Armour
 14889 | D:11     | Noticed an oklob plant
 14902 | D:11     | Reached skill level 7 in Fighting
 14912 | D:11     | Identified the +3 hand axe of Eternal Vigilance {vorpal,
                  | Fragile rElec Str-3 Dex+9}
 15099 | D:11     | Noticed a cyan ugly thing
 15107 | D:11     | Reached **** piety under Ashenzari
 15107 | D:11     | Identified the cursed +3 dagger "Prophetic Ordeal" {pain,
                  | Evo, Melee} (You took it off a goblin on level 1 of the
                  | Dungeon)
 15119 | D:11     | Killed a cyan ugly thing
 15444 | D:11     | Found Tiolu's Pet Rocks.
 15488 | D:11     | Slain by an ogre

Illustrated notes

Levels and vault maps discovered:
D:1:      dpeg_arrival_leaves_temple_mockup, layout_basic
D:2:      layout_loops_ring, lemuel_round_altar, serial_bayou_ford_a
D:3:      layout_rooms, minivault_25, uniq_grinder, uniq_natasha
D:4:      layout_rooms, nicolae_gozag_zags_fifth_avenue,
          minmay_temple_entry_slanted, gup_sewer_entry_glass, uniq_menkaure
D:5:      layout_cave_pools, serial_column_ruins, column_ruins_circle_medium,
          column_ruins_square_small, column_ruins_corridor_straight,
          column_ruins_open_tiny, column_ruins_grid_2, column_ruins_grid_2
D:6:      layout_basic, uniq_blork_the_orc
D:7:      layout_gridville, kennysheep_mini, basic_altar, st_stairs_9,
          minmay_alternating_orb
D:8:      layout_rooms, fedhas_altar_decomposition, guppyfry_shop_venom
D:9:      layout_stronghold, elyvilon_altar_4, overflow_temple_1_default,
          centaur_isle, uniq_psyche
D:10:     layout_basic, st_stairs_13, minivault_16, uniq_fannar, uniq_maggie
D:11:     layout_irregular_city, dpeg_oklobed_lair, serial_shops,
          nicolae_shop_window_shopping, guppyfry_shop_earth
Temple:   compressed_dpeg_circular_temple

Skill      XL: |  1  2  3  4  5  6  7  8  9 10 11 |
---------------+----------------------------------+-----
Necromancy     | 5 6 7 9 10 | 10.7
Spellcasting   | 3 4 |  4.7
Fighting       | 1 3 4 6 7 |  7.5
Dodging        | 2 4 |  4.0
Armour         | 1 3 5 6 |  6.0
Summonings     | 1 3 |  3.3
Short Blades   | 3 |  3.4
Throwing       | 2 5 |  5.0
Stealth        | |  1.5

Action                   |  1- 3 |  4- 6 |  7- 9 | 10-12 || total
-------------------------+-------+-------+-------+-------++-------
Melee: Unarmed           |    13 |       |       |       ||    13
       Dagger            |    32 |    23 |   295 |   283 ||   633
       Flail             |       |       |    39 |       ||    39
       Halberd           |       |       |    22 |       ||    22
       Dire flail        |       |       |    51 |    33 ||    84
       Punch             |       |       |     1 |       ||     1
Throw: Boomerang         |       |       |       |    53 ||    53
 Cast: Pain              |    61 |    73 |    84 |    38 ||   256
       Vampiric Draining |       |    14 |    42 |    38 ||    94
       Agony             |       |       |       |     1 ||     1
Invok: Curse Item        |       |       |     3 |     3 ||     6
Evoke: Wand              |       |     2 |     3 |    16 ||    21
  Use: Scroll            |       |     6 |     4 |     2 ||    12
 Stab: Sleeping          |       |       |     2 |       ||     2
       Paralysed         |       |       |       |     3 ||     3
Armor: Robe              |    11 |     2 |    88 |       ||   101
       Chain mail        |       |       |    67 |   308 ||   375
Dodge: Dodged            |    37 |    17 |   238 |   122 ||   414

Table legend: (Time is in decaauts)
 A = Elapsed time spent in this place.
 B = Non-inter-level travel time spent in this place.
 C = Inter-level travel time spent in this place.
 D = Time resting spent in this place.
 E = Time spent auto-exploring this place.
 F = Levels seen in this place.
 G = Mean time per level.
                   A        B        C        D        E       F      G
               +--------+--------+--------+--------+--------+-----+--------+
         Total |  15493 |  14751 |    742 |   1799 |  10383 |  13 | 1191.8 |
       Dungeon |  15032 |  14304 |    728 |   1799 |  10041 |  11 | 1366.5 |
        Temple |     75 |     61 |     14 |      0 |     54 |   1 |   75.0 |
         Sewer |    385 |    385 |      0 |      0 |    287 |   1 |  385.0 |
               +--------+--------+--------+--------+--------+-----+--------+

Top non-repeatable levels by time:
     D:9: 2228 daAuts
     D:6: 1975 daAuts
     D:1: 1670 daAuts
     D:2: 1540 daAuts
     D:7: 1477 daAuts
    D:10: 1463 daAuts
     D:3: 1404 daAuts
     D:5: 953 daAuts
     D:8: 903 daAuts
    D:11: 769 daAuts
     D:4: 645 daAuts
   Sewer: 385 daAuts
  Temple: 75 daAuts
